 Dungeon Crawl Stone Soup version 0.32-a0-433-g08bcfe7efd (webtiles) character file.

Game seed: 17980222548493577806

8 ezpacito the Trooper (level 2, 24/24 HPs)
             Began as a Demonspawn Chaos Knight on Feb 22, 2024.
             Was a Plaything of Xom.
             Quit the game on level 1 of the Dungeon.
             The game lasted 00:00:27 (481 turns).

ezpacito the Trooper (Demonspawn Chaos Knight)       Turns: 481, Time: 00:00:28

Health: 24/24      AC:  5    Str: 12    XL:     2   Next: 0%
Magic:  2/2        EV: 11    Int: 12    God:    Xom [..*...]
Gold:   0          SH:  0    Dex: 12    Spells: 1/1 levels left

rFire   . . .        a - +0 hand axe (chaos)
rCold   . . .        (no shield)
rNeg    . . .        b - +2 leather armour
rPois   .            (helmet restricted)
rElec   .            (no cloak)
rCorr   .            (no gloves)
SInv    .            (no boots)
Will    .....        (no amulet)
Stlth   +            (no ring)
HPRegen 0.24/turn    (no ring)
MPRegen 0.08/turn

%: no passive effects
@: no status effects
A: antennae 1
a: Renounce Religion


You were on level 1 of the Dungeon.
You worshipped Xom.
You were a toy of Xom.
You visited 1 branch of the dungeon, and saw 1 of its levels.

Inventory:

Hand Weapons
 a - a +0 hand axe of chaos (weapon)
Armour
 b - a +2 leather armour (worn)
Scrolls
 c - a scroll of butterflies
 d - a scroll of noise {unknown}
 e - a scroll of teleportation {unknown}
 f - a scroll of vulnerability {unknown}


   Skills:
 * Level 3.0 Fighting
 * Level 2.7 Axes
 * Level 2.0 Armour
 * Level 1.0 Dodging
 + Level 0.0 Stealth
 * Level 0.4 Unarmed Combat
 * Level 0.2 Spellcasting


You had one spell level left.
You didn't know any spells.
Your spell library was empty.

Dungeon Overview and Level Annotations

Branches:
Dungeon (1/15)

Altars:


Innate Abilities, Weirdness & Mutations

You have a pair of small antennae on your head.


Message History

No target in view!
No target in view!
No target in view!
No target in view!
f - a scroll labelled TIXOUM KEXETS You see here a staff of earth.
A bat comes into view.
A bat is nearby!
The bat barely misses you.
A kobold comes into view. It is wielding a +0 dagger.
The kobold shouts!
The bat barely misses you.
You closely miss the bat. The bat closely misses you.
You closely miss the bat. The bat barely misses you.
The bat hits you but does no damage.
You hit the bat but do no damage.
The bat is poisoned.
The bat hits you.
Found 17 gold pieces.
The bat hits you but does no damage.
You closely miss the kobold. The bat misses you. The kobold barely misses you.
You miss the bat.
The bat is moderately wounded.
You hit the kobold.
The kobold seems to speed up.
Xom thinks this is hilarious!
You kill the bat!
The kobold closely misses you. The kobold hits you but does no damage.
You hit the kobold but do no damage.
The kobold is heavily wounded.
The kobold hits you but does no damage.
You closely miss the kobold.
The kobold is heavily wounded.
The kobold hits you with a +0 dagger. The kobold barely misses you.
A kobold is nearby!
You hit the kobold.
You kill the kobold!
Your Armour skill increases to level 2!
You have reached level 2!
Your demonic ancestry asserts itself...
A pair of antennae grows on your head!
Found a hand axe.
You see here a bat corpse.
Are you sure you want to abandon this character and quit the game? (Confirm with "yes".)

#.... .# #....
########.## #....
..........# #....
..........# #....
..........# ##### #####
..........# #...#
.$.......# #...#
.......@.#####...##
)......)..........#
.........#####....#
.........# #....#
.........#####..).######
.........##.............
###########....#........
#.|..#........
#....#........


There were no monsters in sight!

Vanquished Creatures
  2 bats (D:1)
  A quokka (D:1)
  A frilled lizard (D:1)
  A goblin (D:1)
  3 kobolds (D:1)
  A rat (D:1)
9 creatures vanquished.

Notes
Turn   | Place    | Note
-------+----------+-------------------------------------------
     0 | D:1      | ezpacito the Demonspawn Chaos Knight began the quest for
                  | the Orb.
     0 | D:1      | Reached XP level 1. HP: 18/18 MP: 1/1
    77 | D:1      | Reached skill level 1 in Dodging
    80 | D:1      | XOM: divination: magic mapping
   381 | D:1      | XOM is BORED!
   381 | D:1      | XOM: noise
   471 | D:1      | Gained mutation: You have a pair of small antennae on your
                  | head. [demonic ancestry]
   471 | D:1      | Reached XP level 2. HP: 21/24 MP: 2/2
   481 | D:1      | Quit the game

Illustrated notes

Levels and vault maps discovered:
D:1:      wheals_arrival_shading, layout_basic

Skill      XL: |  1 |
---------------+----+-----
Dodging        | 1 |  1.0
Armour         | 2 |  2.0
Fighting       | |  3.0
Axes           | |  2.7
Unarmed Combat | |  0.4
Spellcasting   | |  0.2

Action                     || total
---------------------------++-------
  Melee: Hand axe          ||    32
 Armour: Leather armour    ||    27
  Dodge: Dodged            ||    30

Table legend: (Time is in decaauts)
 A = Elapsed time spent in this place.
 B = Non-inter-level travel time spent in this place.
 C = Inter-level travel time spent in this place.
 D = Time resting spent in this place.
 E = Time spent auto-exploring this place.
 F = Levels seen in this place.
 G = Mean time per level.
                   A        B        C        D        E       F      G
               +--------+--------+--------+--------+--------+-----+--------+
         Total |    486 |    486 |      0 |      0 |    403 |   1 |  486.0 |
       Dungeon |    486 |    486 |      0 |      0 |    403 |   1 |  486.0 |
               +--------+--------+--------+--------+--------+-----+--------+

Top non-repeatable levels by time:
     D:1: 486 daAuts
